AoeStats
← 老雞白

Arena

509865221Analyzed
3v3 RM · 5d ago on Sep 28, 2026· 44m 13s· 6 players
Game mode
Random Map
Map size
Normal (6 player)
Population
200
Speed
Normal
Resources
Standard
Victory
Conquest
Starting age
Dark Age
Ending age
Imperial Age
RankedLock teamsTeams togetherTeam positionsShared explorationLock speedFull tech treeHidden civsTurbo modeCheats
Victory
Defeat
🇨🇳 Saxons · China
1034
+17
🇩🇴 Bohemians · Dominican Republic
1033
+17
🇨🇳 Mongols · China
960
+19
🇹🇼 Vietnamese · Taiwan
1222
-25
🇹🇼 Goths · Taiwan
1004
-16
🇹🇼 Persians · Taiwan
903
-12
Arietediron
14:14 Feudal Age
12:30 Loom
19:37 Castle Age
17:26 Horse Collar
19:06 Double-Bit Axe
24:05 Imperial Age
21:57 Bow Saw
23:49 Fervor
28:49 Fletching
29:00 Padded Archer Armor
29:39 Wheelbarrow
29:07 Elite Skirmisher
32:52 Chemistry
32:28 Leather Archer Armor
32:08 Bodkin Arrow
32:24 Forging
32:35 Pikeman
33:15 Squires
33:48 Bracer
38:58 Hand Cart
39:32 Ring Archer Armor
39:02 Scale Mail Armor
39:38 Iron Casting
39:53 Houfnice
41:01 Arson
42:45 Bombard Tower
42:45 Ballistics
C8
10:04 Feudal Age
12:09 Double-Bit Axe
14:43 Castle Age
12:29 Horse Collar
16:57 Fletching
20:13 Bodkin Arrow
21:19 Bow Saw
21:56 Wheelbarrow
21:27 Padded Archer Armor
22:20 Forging
22:32 Gold Mining
23:43 Hand Cart
25:16 Town Watch
26:02 Bloodlines
25:52 Husbandry
28:43 Imperial Age
27:01 Gold Shaft Mining
27:20 Bloodlines
27:40 Scale Barding Armor
27:34 Loom
27:53 Husbandry
29:42 Forging
29:32 Elite Steppe Lancer
31:09 Chain Barding Armor
32:03 Iron Casting
32:39 Nomads
33:03 Conscription
35:31 Chemistry
36:27 Blast Furnace
38:39 Heavy Camel Rider
42:01 Siege Engineers
42:32 Coinage
42:41 Stone Mining
chan pee
10:55 Feudal Age
14:56 Castle Age
12:56 Double-Bit Axe
12:53 Horse Collar
17:09 Bow Saw
17:35 Loom
18:28 Wheelbarrow
20:14 Hand Cart
24:22 Heavy Plow
25:03 Gold Mining
29:52 Imperial Age
29:19 Scale Mail Armor
29:29 Forging
31:45 Two-Man Saw
31:20 Crop Rotation
31:10 Chain Mail Armor
31:30 Iron Casting
30:45 Gambesons
31:00 Squires
30:46 Arson
32:17 Gold Shaft Mining
31:33 Stone Mining
32:18 Gold Shaft Mining
32:29 Conscription
31:30 Shield Wall
34:11 Elite Varangian Guard
36:10 Iron Casting
39:00 Plate Mail Armor
40:30 Capped Ram
42:10 Siege Ram
老雞白
10:37 Feudal Age
14:40 Castle Age
12:55 Stone Mining
13:11 Double-Bit Axe
16:09 Bow Saw
15:42 Horse Collar
23:55 Wheelbarrow
24:53 Fletching
25:48 Bodkin Arrow
25:21 Crossbowman
25:48 Pikeman
26:55 Thumb Ring
26:48 Loom
26:50 Town Watch
27:48 Ballistics
28:01 Gold Mining
28:38 Padded Archer Armor
32:00 Imperial Age
29:46 Hand Cart
30:55 Scale Mail Armor
32:19 Masonry
31:52 Elite Skirmisher
32:43 Bracer
34:06 Chemistry
33:41 Chain Mail Armor
33:29 Capped Ram
34:22 Squires
34:20 Imperial Skirmisher
35:19 Leather Archer Armor
39:13 Ring Archer Armor
39:14 Plate Mail Armor
38:54 Forging
39:24 Elite Rattan Archer
43:10 Scale Barding Armor
43:41 Iron Casting
44:35 Paper Money
世紀垃圾
10:44 Feudal Age
15:17 Castle Age
13:10 Double-Bit Axe
13:09 Horse Collar
14:01 Loom
16:10 Bow Saw
16:05 Heavy Plow
21:16 Scale Mail Armor
35:50 Imperial Age
34:33 Wheelbarrow
35:41 Chain Mail Armor
36:12 Pikeman
38:44 Two-Man Saw
38:29 Halberdier
春元胯下巨蟒
10:47 Feudal Age
14:49 Castle Age
12:59 Double-Bit Axe
13:22 Horse Collar
20:15 Bow Saw
19:55 Loom
22:57 Wheelbarrow
24:22 Hand Cart
24:47 Gold Mining
25:22 Heavy Plow
28:30 Imperial Age
27:21 Gold Shaft Mining
26:37 Stone Mining
27:14 Forging
27:10 Scale Barding Armor
28:18 Bloodlines
28:09 Husbandry
29:10 Chain Barding Armor
29:25 Iron Casting
28:16 Cavalier
31:30 Crop Rotation
32:42 Stone Shaft Mining
33:07 Plate Barding Armor
33:39 Blast Furnace
32:52 Savar
35:19 Two-Man Saw
35:45 Devotion
37:26 Heavy Camel Rider
39:57 Conscription
39:24 Pikeman
39:49 Arson
40:05 Squires
39:50 Gambesons
40:38 Light Cavalry
41:29 Halberdier
41:49 Hussar
Connection lost

Rejoining the realm…

Still unreachable

The connection could not be restored.

Session expired

The server has moved on; the page needs a fresh start.